 Dungeon Crawl Stone Soup version 0.29-a0-802-g34511f41fd (webtiles) character file.

Game seed: 12045915476575640724

73 gobodom the Chopper (level 4, -2/33 (37) HPs)
             Began as a Minotaur Gladiator on July 3, 2022.
             Slain by an orc wizard
             ... wielding a +0 dagger of holy wrath
              (3 damage)
             ... on level 3 of the Dungeon.
             The game lasted 00:04:47 (1680 turns).

gobodom the Chopper (Minotaur Gladiator)            Turns: 1680, Time: 00:04:50

HP:   -2/33 (37)    AC:  4    Str: 18    XL:     4   Next: 8%
MP:   3/3           EV: 12    Int:  7    God:
Gold: 89            SH:  0    Dex: 12    Spells: 3/3 levels left

rFire   . . .      SeeInvis .   a - +0 war axe
rCold   . . .      Faith    .   (no shield)
rNeg    . . .      Spirit   .   b - +0 leather armour
rPois   .          Reflect  .   c - +0 hat
rElec   .          Harm     .   k - +0 cloak
rCorr   .          Rampage  .   (no gloves)
Will    .....                   (no boots)
Stlth   +.........              o - amulet of regeneration
HPRegen 0.11/turn               (no ring)
MPRegen 0.08/turn               (no ring)

@: confused, heavily drained
A: horns 2, retaliatory headbutt
a: no special abilities


You were on level 3 of the Dungeon.
You visited 1 branch of the dungeon, and saw 3 of its levels.

You collected 89 gold pieces.

Inventory:

Hand Weapons
 a - a +0 war axe (weapon)
 n - a +0 dagger of draining
Missiles
 e - 4 boomerangs (quivered)
 i - a javelin
Armour
 b - a +0 leather armour (worn)
 c - a +0 hat (worn)
 k - a +0 cloak (worn)
Jewellery
 o - an amulet of regeneration (around neck)
Scrolls
 d - a scroll of fear {unknown}
 g - 3 scrolls of identify {unknown}
 j - 2 scrolls of fog {unknown}
 l - a scroll of enchant weapon {unknown}
 m - a scroll of immolation {unknown}
Potions
 f - a potion of heal wounds {unknown}
 h - 2 potions of degeneration {unknown}


   Skills:
 + Level 2.7 Fighting
 + Level 4.1 Axes
 + Level 3.3 Throwing
 + Level 0.1 Armour
 + Level 3.9 Dodging


You had 3 spell levels left.
You didn't know any spells.
Your spell library contained the following spells:

 Spells                   Type           Power      Damage    Failure   Level
 Apportation              Tloc           0%         N/A       50%         1
 Necrotise                Necr           0%         1d4       50%         1
 Summon Small Mammal      Summ           0%         N/A       50%         1
 Static Discharge         Conj/Air       0%         3-3/arc   63%         2
 Summon Guardian Golem    Hex/Summ       0%         N/A       86%         3
 Lightning Bolt           Conj/Air       0%         1d11      100%        5
 Orb of Destruction       Conj           0%         9d5       100%        7
 Spellforged Servitor     Conj/Summ      0%         N/A       100%        7
 Maxwell's Capacitive Co  Air            0%         ∞         100%        8


Dungeon Overview and Level Annotations

Branches:
Dungeon (3/15)

Altars:


Innate Abilities, Weirdness & Mutations

You have a pair of horns on your head.
You reflexively headbutt those who attack you in melee.


Message History

[Y]es or [N]o only, please.
Keep equipping yourself?
You resist with some effort.
The orc wizard points at you and mumbles some strange words.
You are confused.
You continue putting on your amulet of regeneration.
The orc wizard gestures at you while chanting.
The magic dart hits you.
You continue putting on your amulet of regeneration.
The orc wizard casts a spell at you.
You are more confused.
You continue putting on your amulet of regeneration.
The orc wizard mumbles some strange words.
The orc wizard flickers and vanishes!
Deactivating autopickup; reactivate with Ctrl-A.
You continue putting on your amulet of regeneration.
You finish putting on your amulet of regeneration.
The amulet cannot attune itself to your injured body.
o - an amulet of regeneration (around neck)
You bump into the rock wall.
The orc hits you with a +0 mace.
You bump into the rock wall.
You hear some strange, mumbled words.
A magic dart appears from out of thin air!
The magic dart hits you but does no damage.
The orc wizard closely misses you.
You closely miss the orc wizard. You hit the orc. You miss something.
Something hits you.
You feel drained. The orc wizard barely misses you.
The orc hits you with a +0 mace.
You bump into the rock wall.
The orc shouts!
The orc closely misses you. Something hits you.
You feel drained. The orc wizard misses you. The orc hits you with a +0 mace.
You hit the orc wizard.
The orc wizard is moderately wounded.
You barely miss the orc. You miss the orc. You barely miss something.
The orc hits you with a +0 morningstar!
* * * LOW HITPOINT WARNING * * *
Something hits you but does no damage.
You feel drained.
The orc wizard hits you with a +0 dagger of holy wrath.
You die...

#.# #.# #.#....oo #.#
#.###......### .
.###.####.†[......#..#..
.........###...##.#...#
####.###.##.....##.....
#.# #.#.......#o.# ##.#
#............# #<.#
#.#†....{o#..###. #†##
#.##....o@o...... #.#
........####.###. #.#
.###..#.## # ... #..>.#
..# #.### .... . ##.#


You could see an orc wizard and 3 orcs.

Vanquished Creatures
  2 adders
  4 dart slugs
  4 ball pythons
  6 bats (D:1)
  4 endoplasms
  2 giant cockroaches
  4 goblins
  7 hobgoblins
  5 kobolds
  3 frilled lizards
  6 rats
47 creatures vanquished.

Notes
Turn   | Place    | Note
-------+----------+-------------------------------------------
     0 | D:1      | gobodom the Minotaur Gladiator began the quest for the Orb.
     0 | D:1      | Reached XP level 1. HP: 18/18 MP: 0/0
   265 | D:1      | Reached XP level 2. HP: 25/25 MP: 1/1
   748 | D:2      | Reached XP level 3. HP: 30/30 MP: 2/2
   756 | D:2      | Reached skill level 4 in Axes
  1618 | D:3      | Reached XP level 4. HP: 33/37 MP: 3/3
  1680 | D:3      | HP: 1/35 [orc/+0 morningstar (10)]
  1680 | D:3      | Slain by an orc wizard

Illustrated notes

Levels and vault maps discovered:
D:1:      matt_arrival_refuge, layout_basic, skrybe_limestone_x,
          minmay_misc_feat_doors
D:2:      layout_basic, chequers_serial_rivers_small_a
D:3:      layout_loops_ring, serial_shops,
          nicolae_shop_competitors_out_of_business, nicolae_titane

Skill      XL: |  1  2  3 |
---------------+----------+-----
Axes           | 4 |  4.1
Throwing       | 3 |  3.3
Fighting       | |  2.7
Armour         | |  0.1
Dodging        | |  3.9

Action                   |  1- 3 |  4- 6 || total
-------------------------+-------+-------++-------
Melee: War axe           |    33 |     3 ||    36
       Headbutt          |     4 |       ||     4
Throw: Boomerang         |    63 |     4 ||    67
       Throwing net      |     4 |       ||     4
       Javelin           |     3 |       ||     3
Armor: Leather armour    |     7 |     2 ||     9
Dodge: Dodged            |    29 |     5 ||    34

Table legend: (Time is in decaauts)
 A = Elapsed time spent in this place.
 B = Non-inter-level travel time spent in this place.
 C = Inter-level travel time spent in this place.
 D = Time resting spent in this place.
 E = Time spent auto-exploring this place.
 F = Levels seen in this place.
 G = Mean time per level.
                   A        B        C        D        E       F      G
               +--------+--------+--------+--------+--------+-----+--------+
         Total |   1702 |   1629 |     73 |      0 |   1252 |   3 |  567.3 |
       Dungeon |   1702 |   1629 |     73 |      0 |   1252 |   3 |  567.3 |
               +--------+--------+--------+--------+--------+-----+--------+

Top non-repeatable levels by time:
     D:2: 884 daAuts
     D:1: 749 daAuts
     D:3: 68 daAuts
